 Dungeon Crawl Stone Soup version 0.29.0-7-g18a832c13a (webtiles) character file.

Game seed: 14260850712414333620

299 greasedhog the Trooper (level 6, -1/40 HPs)
             Began as a Gargoyle Monk on Aug 30, 2022.
             Was a Believer of Qazlal.
             Slain by a two-headed ogre
             ... wielding a +0 giant club
              (11 damage)
             ... on level 4 of the Dungeon.
             The game lasted 00:05:29 (3916 turns).

greasedhog the Trooper (Gargoyle Monk)              Turns: 3916, Time: 00:05:29

Health: -1/40      AC: 12    Str: 21    XL:     6   Next: 36%
Magic:  13/15      EV: 10    Int: 11    God:    Qazlal [**....]
Gold:   34         SH:  5    Dex: 12    Spells: 5/5 levels left

rFire   . . .      SeeInvis .   x - +2 hand axe (vorpal)
rCold   . . .      Faith    .   u - +0 buckler
rNeg    + . .      Spirit   .   p - +0 scale mail
rPois   ∞          Reflect  .   (no helmet)
rElec   +          Harm     .   w - +0 cloak
rCorr   .          Rampage  .   (no gloves)
Will    .....                   (no boots)
Stlth   +.........              (no amulet)
HPRegen 0.13/turn               r - ring of Prescription {MP+9 Str+5}
MPRegen 0.14/turn               (no ring)

@: mighty
A: sickness immunity, AC +4, negative energy resistance 1, electricity
resistance, torment resistance 1, petrification resistance
a: Renounce Religion, Upheaval


You were on level 4 of the Dungeon.
You worshipped Qazlal.
Qazlal was pleased with you.
You visited 2 branches of the dungeon, and saw 5 of its levels.
You also visited: Sewer.

You collected 187 gold pieces.
You spent 153 gold pieces at shops.

Inventory:

Hand Weapons
 a - a +0 mace
 x - a +2 vorpal hand axe (weapon)
Missiles
 h - 2 curare-tipped darts (quivered)
Armour
 p - a +0 scale mail (worn)
 u - a +0 buckler (worn)
 w - a +0 cloak (worn)
Jewellery
 r - the ring of Prescription (left hand) {MP+9 Str+5}
   (You found it on level 3 of the Dungeon)

   [ring of magical power]

   Str:       It affects your strength (+5).
   MP:        It affects your magic capacity (+9).
 z - an amulet of guardian spirit
 A - an amulet of faith
Wands
 b - a wand of polymorph (13)
Scrolls
 f - a scroll of amnesia
 i - a scroll of magic mapping
 j - 2 scrolls of teleportation
 q - 2 scrolls of fear
 s - a scroll of fog {unknown}
 t - a scroll of vulnerability {unknown}
 v - a scroll of poison {unknown}
 y - a scroll of brand weapon {unknown}
 B - a scroll of identify
Potions
 c - a potion of ambrosia
 d - a potion of mutation {unknown}
 e - a potion of curing {unknown}
 g - a potion of might
 k - a potion of heal wounds {unknown}
 l - a potion of magic {unknown}
 m - a potion of brilliance {unknown}
 n - a potion of lignification {unknown}
 o - a potion of cancellation {unknown}


   Skills:
 - Level 5.3 Fighting
 * Level 5.3 Maces & Flails
 * Level 1.9 Armour
 - Level 2.4 Dodging
 - Level 2.1 Stealth


You had 5 spell levels left.
You didn't know any spells.
Your spell library contained the following spells:

 Spells                   Type           Power      Damage    Failure   Level
 Gell's Gravitas          Tloc           0%         N/A       99%         3
 Lesser Beckoning         Tloc           0%         N/A       99%         3
 Teleport Other           Tloc           0%         N/A       99%         3


Dungeon Overview and Level Annotations

Branches:
Dungeon (4/15)             Temple (1/1) D:4           Sewer (visited)

Altars:
Qazlal
Trog
Uskayaw
Yredelemnul
Zin

Shops:
D:3 [[


Innate Abilities, Weirdness & Mutations

You are immune to sickness and miasma.
Your stone body is resilient. (AC +4)
You are immune to poison.
You resist negative energy. (rN+)
You are resistant to electric shocks. (rElec)
You are resistant to unholy torment.
You are immune to petrification.


Message History

Unknown command.
Aiming: Upheaval
Press: ? - help, Dir - move target, f/p - two-headed ogre
Aim: a two-headed ogre, wielding two +0 giant clubs You fail to use your ability.
Unknown command.
Aiming: Upheaval
Press: ? - help, Dir - move target, f/p - two-headed ogre
Aim: a two-headed ogre, wielding two +0 giant clubs You fail to use your ability.
Unknown command.
Aiming: Upheaval
Press: ? - help, Dir - move target, f/p - two-headed ogre
Aim: a two-headed ogre, wielding two +0 giant clubs The ground shakes violently, spewing rubble!
The blast of rubble hits the two-headed ogre!
The two-headed ogre is moderately wounded.
You hear a shout!
A goblin comes into view. It is wielding a +0 club.
You feel very mighty all of a sudden.
The goblin shouts!
You hit the two-headed ogre.
The two-headed ogre is moderately wounded.
The two-headed ogre closely misses you.
The two-headed ogre hits you with a +0 giant club!!
Ouch! That really hurt!
You slash the two-headed ogre!
The two-headed ogre is severely wounded.
An endoplasm comes into view.
You slash the two-headed ogre!
The two-headed ogre is almost dead.
The two-headed ogre barely misses you.
The two-headed ogre hits you with a +0 giant club!
* * * LOW HITPOINT WARNING * * *
You hit the two-headed ogre.
The two-headed ogre is almost dead.
The endoplasm jiggles.
The two-headed ogre barely misses you.
The two-headed ogre hits you with a +0 giant club!
You die...

#..<##.....##.........#
#....)..>).'..........+
#......÷....##....###..#
#...........##....######
##.........<.#..........
#...####...##..........
##...####...##..####.##.
#...........##..####.##.
#......@........#.......
#.....O#######..+.......
##...g. #..#.......
#J.... #..##..###.
.....####. ##..#######†
####. .... #........(..
. .... +........... ..
#.. ##.###......
####..###.####..##.


You could see a two-headed ogre, an endoplasm and a goblin.

Vanquished Creatures
  Pargi (Sewer)
  A necrophage (D:4)
  An orc priest (D:3)
  3 adders
  2 worms
  A dart slug (D:1)
  11 orcs
  5 bats
  4 endoplasms
  3 giant cockroaches
  6 goblins
  4 hobgoblins
  11 kobolds
  A quokka (D:1)
  6 ball pythons
  6 frilled lizards
  13 rats
79 creatures vanquished.

Notes
Turn   | Place    | Note
-------+----------+-------------------------------------------
     0 | D:1      | greasedhog the Gargoyle Monk began the quest for the Orb.
     0 | D:1      | Reached XP level 1. HP: 14/14 MP: 1/1
   256 | D:1      | Reached XP level 2. HP: 19/19 MP: 2/2
   290 | D:1      | HP: 1/20 [kobold/+0 whip (4)]
   958 | D:1      | Reached XP level 3. HP: 21/24 MP: 3/3
  1985 | D:3      | Reached XP level 4. HP: 30/30 MP: 4/4
  2126 | D:3      | Found a hide-covered altar of Uskayaw.
  2187 | D:3      | Identified the +3 robe of Vom Pone {+Inv rPois rF-}
  2229 | D:3      | Found a glowing drain.
  2253 | Sewer    | Entered a sewer
  2523 | Sewer    | Noticed Pargi
  2530 | Sewer    | Killed Pargi
  2531 | Sewer    | Reached skill level 5 in Fighting
  2531 | Sewer    | Reached XP level 5. HP: 24/35 MP: 5/5
  2765 | D:3      | Found a basalt altar of Yredelemnul.
  2820 | D:3      | Identified the ring of Prescription {MP+9 Str+5}
  3152 | D:3      | Found a stormy altar of Qazlal.
  3190 | D:3      | Became a worshipper of Qazlal Stormbringer
  3190 | D:3      | Reached * piety under Qazlal
  3190 | D:3      | Reached ** piety under Qazlal
  3256 | D:3      | Found Cedeaf's Antique Armour Shop.
  3273 | D:3      | Bought a buckler for 108 gold pieces
  3278 | D:3      | Found Pehusieck's Armour Boutique.
  3284 | D:3      | Bought a +0 cloak for 45 gold pieces
  3289 | D:3      | Found a bloodstained altar of Trog.
  3300 | D:3      | Found a glowing silver altar of Zin.
  3322 | D:3      | Reached skill level 5 in Maces & Flails
  3603 | D:4      | Found a staircase to the Ecumenical Temple.
  3624 | Temple   | Entered the Ecumenical Temple
  3698 | D:4      | Reached skill level 1 in Armour
  3698 | D:4      | Reached XP level 6. HP: 25/40 MP: 6/6
  3907 | D:4      | Noticed a two-headed ogre
  3916 | D:4      | Slain by a two-headed ogre

Illustrated notes

Levels and vault maps discovered:
D:1:      psy_arrival_fountain, layout_rooms
D:2:      layout_rooms
D:3:      kb_forest_paths, layout_rooms, nicolae_overflow_crystal_walls,
          yredelemnul_altar_generic, nicolae_qazlal_general_emergency,
          bloody_trog, nicolae_uskayaw_murder_on_the_dancefloor, serial_shops,
          shop, nicolae_shop_crystal, cheibrodos_sewer_entry_bend, minivault_26,
          minivault_24, wad_rectangle_vault
D:4:      layout_gridville, minmay_temple_entry_mini_moons,
          nicolae_eternal_life, roderic_serpentine_path, grunt_decor_junction,
          minmay_manual_mandibuliform
Temple:   jpeg_temple_clearing

Skill      XL: |  1  2  3  4  5 |
---------------+----------------+-----
Fighting       | 4 5 |  5.3
Maces & Flails | 4 5 |  5.3
Armour         | 1 |  1.9
Dodging        | |  2.4
Stealth        | |  2.1

Action                   |  1- 3 |  4- 6 || total
-------------------------+-------+-------++-------
Melee: Mace              |   112 |       ||   112
       Short sword       |     4 |   112 ||   116
       Punch             |       |     2 ||     2
       Hand axe          |       |    27 ||    27
Throw: Dart              |     2 |       ||     2
Invok: Upheaval          |       |     1 ||     1
  Use: Scroll            |       |     7 ||     7
       Potion            |       |     4 ||     4
 Stab: Sleeping          |     5 |       ||     5
Armor: Robe              |    39 |     5 ||    44
       Scale mail        |       |    64 ||    64
Dodge: Dodged            |   107 |    75 ||   182
Block: Buckler           |       |     4 ||     4
